[Event "O2C Doeberl Cup 2019"]
[Site "Canberra"]
[Date "2019.04.20"]
[Round "6.4"]
[White "Padmini, Rout"]
[Black "Tao, Trevor"]
[Result "1-0"]
[ECO "B11"]
[WhiteElo "2364"]
[BlackElo "2364"]
[Annotator "NA"]
[PlyCount "59"]
[EventDate "2019.04.17"]
[EventType "swiss"]
[EventCountry "AUS"]
[SourceTitle "playchess.com"]
[Source "ChessBase"]
[SourceQuality "1"]
[TimeControl "5400+30"]

1. e4 c6 2. Nc3 d5 3. Nf3 dxe4 4. Nxe4 Nf6 5. Qe2 Qd5 6. Nxf6+ {[%emt 0:02:14] B11: Caro-Kann: Two Knights Variation} (6. Nc3 Qh5 7. Qe5 Qxe5+ 8. Nxe5 Bf5 9. Bc4 e6 10. d3 Nbd7 11. Nxd7 Nxd7 12. O-O Be7 13. a4 {0-1 (51) Harikrishna,P (2729)-Karjakin,S (2753) Kolkata 2018}) 6... gxf6 7. g3 Bf5 $146 ({Predecessor:} 7... Qe6 8. a4 a5 9. d4 Qxe2+ 10. Bxe2 Bf5 11. c3 e6 12. Nd2 Bd6 13. h4 {½-½ (40) Van Foreest,J (2621)-Arutinian,D (2555) Skopje 2019}) 8. d3 Qd7 9. Bd2 Na6 10. Bg2 O-O-O 11. O-O Bh3 12. b4 Bxg2 13. Kxg2 e6 14. Rfb1 Nc7 15. a4 e5 16. b5 Bc5 17. Be3 Qd5 18. bxc6 Qxc6 19. Bxc5 Qxc5 20. Rb3 Rd6 21. a5 Rhd8 22. Rab1 b6 23. axb6 Rxb6 24. Rxb6 axb6 25. Qe4 Rd6 26. c4 h6 {[%emt 0:03:06] [#]} (26... Ne6 $16) 27. Nh4 $18 Qc6 28. Nf5 Qxe4+ 29. dxe4 Rd7 30. Rxb6 1-0

[Event "O2C Doeberl Cup 2019"]
[Site "Canberra"]
[Date "2019.04.20"]
[Round "6.7"]
[White "McClymont, Brodie"]
[Black "Lo, Willis"]
[Result "1-0"]
[ECO "C94"]
[WhiteElo "2360"]
[BlackElo "2072"]
[Annotator "NA"]
[PlyCount "99"]
[EventDate "2019.04.17"]
[EventType "swiss"]
[EventCountry "AUS"]
[SourceTitle "playchess.com"]
[Source "ChessBase"]
[SourceQuality "1"]
[TimeControl "5400+30"]

1. e4 e5 2. Nf3 Nc6 3. Bb5 a6 4. Ba4 Nf6 5. O-O Be7 6. Re1 b5 7. Bb3 d6 8. c3 O-O 9. h3 Nb8 10. d3 Bb7 {[%emt 0:05:39] C94: Closed Ruy Lopez: Breyer Variation with 10 d3} (10... Nbd7 11. Nbd2 Bb7 12. Nf1 Nc5 13. Bc2 Re8 14. Ng3 Bf8 15. b4 Ncd7 16. a4 h6 17. d4 d5 18. dxe5 Nxe4 19. axb5 axb5 20. Rxa8 Bxa8 21. Bf4 c5 22. bxc5 Bxc5 23. Be3 Nxc3 {½-½ (41) Vidit,S (2707)-Yu,Y (2760) Liaocheng 2018}) 11. Nbd2 c5 12. a3 Nbd7 13. Ba2 $146 ({Predecessor:} 13. Bc2 Qc7 14. d4 cxd4 15. cxd4 Rac8 16. Bb1 exd4 17. Nxd4 d5 18. exd5 Nxd5 19. Ne4 N7f6 20. Nf5 {1-0 (81) Ross,C (2203)-Hope,G (1938) England 2009}) 13... Qc7 14. Nf1 d5 15. exd5 Nxd5 16. d4 e4 17. N3d2 f5 (17... c4 $11) 18. dxc5 $1 Kh8 ({Reject} 18... Bxc5 $6 {[#]} 19. Nxe4 $1 fxe4 20. Bxd5+ Kh8 21. Be3 $16) ({Don't play} 18... Qxc5 $6 19. Nb3 $16) 19. Nxe4 $1 fxe4 20. Bxd5 Nxc5 21. Bxb7 Qxb7 22. Be3 Nd3 23. Re2 Rad8 24. Qc2 Bd6 (24... Rd6 $11) 25. Rd1 Bb8 26. Bd4 Qf7 27. Ng3 Bxg3 28. fxg3 Qg6 29. Kh2 $16 Rd5 30. Qd2 h5 $2 (30... Re8 $16) 31. Qe3 h4 32. gxh4 Nf4 33. Qxe4 Qd6 34. Be5 Rxd1 35. Bxd6 Nxe2 36. Bxf8 Rh1+ 37. Kxh1 Ng3+ 38. Kg1 Nxe4 39. Bb4 Nd2 40. Kf2 Nc4 41. b3 Nd2 42. Ke2 Nxb3 43. Kd1 a5 44. Kc2 a4 45. Kd3 Nc1+ 46. Kd2 Nb3+ 47. Ke3 Nc1 48. h5 Na2 49. Kd2 Nxb4 50. cxb4 1-0

[Event "O2C Doeberl Cup 2019"]
[Site "Canberra"]
[Date "2019.04.21"]
[Round "7.6"]
[White "Lane, Gary W"]
[Black "Johansen, Darryl K"]
[Result "1/2-1/2"]
[ECO "B89"]
[WhiteElo "2357"]
[BlackElo "2364"]
[Annotator "ChessBase"]
[PlyCount "98"]
[EventDate "2019.04.17"]
[EventType "swiss"]
[EventCountry "AUS"]
[SourceTitle "playchess.com"]
[Source "ChessBase"]
[SourceQuality "1"]
[TimeControl "5400+30"]

1. e4 c5 2. Nf3 d6 3. d4 Nf6 4. Nc3 cxd4 5. Nxd4 Nc6 6. Bc4 e6 7. Be3 Be7 8. Qe2 a6 9. O-O-O Nxd4 10. Bxd4 b5 11. Bb3 Bb7 12. a3 O-O 13. g4 Nd7 14. h4 Rc8 15. g5 e5 16. Be3 Rxc3 17. bxc3 Bxe4 18. Rhg1 Kh8 19. h5 Qa8 20. Qg4 Qc6 21. Rg3 d5 22. Kb2 Nc5 23. Bxc5 Qxc5 24. Ra1 Qxf2 25. Rgg1 Qc5 26. h6 Rc8 27. hxg7+ Kg8 28. Rg3 Rc7 29. Qe2 a5 30. a4 b4 31. Qb5 bxc3+ 32. Kb1 Kxg7 33. Qe2 Rb7 34. Kc1 Rb6 35. Qe1 Rxb3 36. cxb3 Qa3+ 37. Rxa3 Bxa3+ 38. Kd1 c2+ 39. Kd2 d4 40. Qxe4 c1=Q+ 41. Ke2 Qb2+ 42. Kf1 Qc1+ 43. Kg2 Qd2+ 44. Kh3 Bd6 45. Qf5 Qd1 46. Qf6+ Kg8 47. Qxd6 Qh1+ 48. Kg4 Qe4+ 49. Kh3 Qh1+ 1/2-1/2

[Event "O2C Doeberl Cup 2019"]
[Site "Canberra"]
[Date "2019.04.21"]
[Round "7.8"]
[White "Renjith, Sravan"]
[Black "Pirotais, Jerome"]
[Result "0-1"]
[ECO "A26"]
[WhiteElo "1938"]
[BlackElo "2075"]
[Annotator "NA RC"]
[PlyCount "132"]
[EventDate "2019.04.17"]
[EventType "swiss"]
[EventCountry "AUS"]
[SourceTitle "playchess.com"]
[Source "ChessBase"]
[SourceQuality "1"]
[TimeControl "5400+30"]

1. Nf3 Nf6 2. g3 g6 3. Bg2 Bg7 4. O-O O-O 5. c4 d6 6. Nc3 Nc6 7. d3 e5 8. Rb1 Re8 9. Bg5 h6 {[%emt 0:00:57] A26: English Opening vs King's Indian with ...Nc6 and d3} 10. Bxf6 Bxf6 11. b4 a6 12. Nd5 $146 ({Predecessor:} 12. a4 Bg7 13. b5 axb5 14. axb5 Ne7 15. Qb3 Be6 16. Nd2 c6 17. Rfc1 d5 18. Qb4 Nf5 19. bxc6 bxc6 20. Qb6 Rc8 21. Qxd8 Rexd8 22. Na4 Bf8 23. e3 Rb8 24. Ra1 d4 {0-1 (58) Valdes Romero,L (2402)-Cuenca Jimenez,J (2483) Roquetas de Mar 2015}) 12... Bg7 13. a4 e4 14. dxe4 Rxe4 15. Nd2 Re8 16. b5 Ne7 17. b6 Nxd5 18. cxd5 (18. Bxd5 $11 {remains equal.} c6 19. Bxc6) 18... cxb6 19. Nc4 Bf5 20. Rb3 (20. e4 $1 $15 Bxe4 21. Bxe4 Rxe4 22. Nxb6) 20... Rc8 21. Ne3 Bd7 22. Qb1 b5 23. axb5 Bxb5 24. Rxb5 axb5 25. Qxb5 b6 26. Qa4 Rc5 27. Rb1 Re7 28. Bf3 Qc7 29. Kg2 Kh7 30. Qa6 {[%emt 0:00:59] [#]} b5 $1 31. Rxb5 Rxb5 32. Qxb5 Bd4 33. Nc4 Qc5 34. Qxc5 Bxc5 35. Na5 Kg7 36. Nc6 Re8 37. h4 f5 38. g4 (38. h5 $17) 38... Kf6 (38... fxg4 $19 39. Bxg4 Re4) 39. Kg3 g5 40. hxg5+ Kxg5 41. gxf5 Kxf5 42. Bg4+ Kf6 43. Be6 Ra8 44. e3 Ra1 45. Kf3 h5 46. Kg3 Kg5 47. f4+ (47. Ne7 $17) 47... Kh6 48. Ne7 Ra3 49. Nf5+ Kg6 50. Kf3 Kf6 51. Ke2 h4 52. Nxh4 Rxe3+ 53. Kd2 Re4 54. Ng2 Bf2 55. Kd3 Ra4 56. Ke2 Bg3 57. f5 Ke5 58. Kf3 Ra3+ 59. Kg4 Bf2 60. f6 Rg3+ 61. Kh5 Kxf6 62. Nf4 Rg5+ 63. Kh6 Be3 64. Nh5+ Ke7 65. Ng7 Kf8 66. Nh5 Rg7+ 0-1

[Event "O2C Doeberl Cup 2019"]
[Site "Canberra"]
[Date "2019.04.21"]
[Round "8.1"]
[White "Sengupta, Deep"]
[Black "Melkumyan, Hrant"]
[Result "0-1"]
[ECO "C67"]
[WhiteElo "2551"]
[BlackElo "2658"]
[Annotator "ChessBase"]
[PlyCount "126"]
[EventDate "2019.04.17"]
[EventType "swiss"]
[EventCountry "AUS"]
[SourceTitle "playchess.com"]
[Source "ChessBase"]
[SourceQuality "1"]
[TimeControl "5400+30"]

1. e4 e5 2. Nf3 Nc6 3. Bb5 Nf6 4. O-O Nxe4 5. Re1 Nd6 6. Nxe5 Be7 7. Bf1 Nxe5 8. Rxe5 O-O 9. d4 Bf6 10. Re1 Re8 11. Bf4 Rxe1 12. Qxe1 Ne8 13. Nc3 Bxd4 14. Nd5 c6 15. Ne7+ Kf8 16. Nxc8 Qf6 17. Qb4+ c5 18. Qd2 Rxc8 19. Re1 g5 20. Bg3 d6 21. c3 Be5 22. Bxe5 dxe5 23. Qd5 b6 24. Qxe5 Qxe5 25. Rxe5 h6 26. f4 gxf4 27. Kf2 Rd8 28. Kf3 Rd2 29. Re2 Rd1 30. Rf2 Nd6 31. Kxf4 Re1 32. Bd3 c4 33. Be2 Ke7 34. Bf3 Kf6 35. Rd2 Nf5 36. Rd1 Re7 37. Rf1 Re5 38. Rf2 Ne7 39. Kg4 h5+ 40. Kh3 Kg5 41. g3 Ng6 42. Rd2 f5 43. Bd5 Re3 44. Kg2 Ne5 45. Bg8 b5 46. Rd5 a6 47. b3 Ng4 48. h4+ Kf6 49. bxc4 Rxc3 50. Rd6+ Kg7 51. Be6 bxc4 52. Rxa6 Rc2+ 53. Kf1 Ne3+ 54. Ke1 Ng2+ 55. Kd1 Ne3+ 56. Ke1 Rg2 57. Rc6 Nc2+ 58. Kf1 Ne3+ 59. Ke1 Rxg3 60. Bxc4 f4 61. Bb5 Rg2 62. Rc5 Rxa2 63. Be2 f3 0-1

[Event "O2C Doeberl Cup 2019"]
[Site "Canberra"]
[Date "2019.04.21"]
[Round "8.2"]
[White "Tao, Trevor"]
[Black "Song, Raymond"]
[Result "0-1"]
[ECO "E14"]
[WhiteElo "2364"]
[BlackElo "2329"]
[Annotator "ChessBase"]
[PlyCount "68"]
[EventDate "2019.04.17"]
[EventType "swiss"]
[EventCountry "AUS"]
[SourceTitle "playchess.com"]
[Source "ChessBase"]
[SourceQuality "1"]
[TimeControl "5400+30"]

1. c4 Nf6 2. Nc3 e6 3. e3 d5 4. Nf3 b6 5. d4 Bb7 6. Bd3 Bd6 7. O-O O-O 8. b3 Nbd7 9. Bb2 a6 10. a3 c5 11. Qe2 Ne4 12. Rfd1 Qe7 13. a4 Rfc8 14. a5 bxa5 15. cxd5 exd5 16. Na4 Bc6 17. dxc5 Nexc5 18. Nxc5 Nxc5 19. Nd4 g6 20. g3 Bd7 21. Rxa5 h5 22. Qf1 h4 23. Be2 Bc7 24. Raa1 Ne4 25. Bxa6 hxg3 26. hxg3 Qg5 27. Re1 Rxa6 28. Rxa6 Bxg3 29. fxg3 Qxg3+ 30. Kh1 Nf2+ 31. Qxf2 Qxf2 32. Re2 Qf1+ 33. Kh2 Bg4 34. Rg2 Qxa6 0-1

[Event "O2C Doeberl Cup 2019"]
[Site "Canberra"]
[Date "2019.04.21"]
[Round "8.3"]
[White "Kunte, Abhijit"]
[Black "Ikeda, Junta"]
[Result "1-0"]
[ECO "A80"]
[WhiteElo "2485"]
[BlackElo "2441"]
[Annotator "ChessBase"]
[PlyCount "109"]
[EventDate "2019.04.17"]
[EventType "swiss"]
[EventCountry "AUS"]
[SourceTitle "playchess.com"]
[Source "ChessBase"]
[SourceQuality "1"]
[TimeControl "5400+30"]

1. d4 f5 2. Bf4 Nf6 3. e3 d6 4. Nc3 e6 5. Bd3 Nc6 6. Nf3 Qe7 7. e4 fxe4 8. Nxe4 Bd7 9. O-O O-O-O 10. c4 e5 11. Bg3 Bg4 12. Ned2 Nxd4 13. Re1 Kb8 14. c5 dxc5 15. Bxe5 Nxf3+ 16. Nxf3 Qd7 17. Be2 Bd6 18. Qb3 Be6 19. Qc2 Rhe8 20. Rad1 Bf5 21. Qb3 Be6 22. Qc2 Qc6 23. Bxf6 gxf6 24. Bc4 Bg4 25. Rxe8 Qxe8 26. Qb3 Qh5 27. Rd5 Qh6 28. g3 Qg6 29. Rd1 Qe4 30. Rd3 Re8 31. Kg2 Qf5 32. Bd5 Bh3+ 33. Kg1 b6 34. Qb5 Rd8 35. Qc6 Kc8 36. Re3 Be5 37. Qb7+ Kd7 38. Be4 Qe6 39. Nxe5+ fxe5 40. Rd3+ Ke7 41. Qxc7+ Rd7 42. Rxd7+ Qxd7 43. Qxe5+ Qe6 44. Qxe6+ Bxe6 45. a3 h6 46. f4 a5 47. Kf2 b5 48. Ke3 b4 49. f5 Ba2 50. g4 Kf6 51. h4 c4 52. axb4 axb4 53. Kf4 c3 54. bxc3 b3 55. Bd5 1-0

[Event "O2C Doeberl Cup 2019"]
[Site "Canberra"]
[Date "2019.04.21"]
[Round "8.4"]
[White "Smirnov, Anton"]
[Black "Padmini, Rout"]
[Result "1-0"]
[ECO "D41"]
[WhiteElo "2567"]
[BlackElo "2364"]
[Annotator "ChessBase"]
[PlyCount "139"]
[EventDate "2019.04.17"]
[EventType "swiss"]
[EventCountry "AUS"]
[SourceTitle "playchess.com"]
[Source "ChessBase"]
[SourceQuality "1"]
[TimeControl "5400+30"]

1. d4 Nf6 2. c4 e6 3. Nf3 d5 4. Nc3 c5 5. cxd5 Nxd5 6. e4 Nxc3 7. bxc3 cxd4 8. cxd4 Bb4+ 9. Bd2 Bxd2+ 10. Qxd2 O-O 11. Rc1 b6 12. Bd3 Bb7 13. O-O Nd7 14. Qe3 Nf6 15. Ne5 Qe7 16. f3 Rfc8 17. Be2 h6 18. Rfd1 Rxc1 19. Rxc1 Rc8 20. Rxc8+ Bxc8 21. Qc3 Bb7 22. Bb5 a6 23. Bf1 b5 24. Nd3 Qd8 25. Qc5 Nd7 26. Qd6 Qc8 27. h4 g6 28. Be2 h5 29. Kf2 a5 30. Ne5 Nxe5 31. Qxe5 Bc6 32. Qc5 Qb7 33. Ke3 f6 34. Bd3 Kf7 35. g4 hxg4 36. fxg4 Be8 37. h5 gxh5 38. Qxh5+ Ke7 39. Qc5+ Kf7 40. Qh5+ Ke7 41. Qh7+ Bf7 42. g5 fxg5 43. Qg7 Qc7 44. Qxg5+ Kf8 45. Qh6+ Ke7 46. Qg5+ Kf8 47. Qc5+ Qxc5 48. dxc5 b4 49. c6 Ke7 50. e5 Kd8 51. Kd4 Kc7 52. Kc5 Bh5 53. Bc4 Bd1 54. Bxe6 a4 55. Kxb4 Kxc6 56. a3 Kc7 57. Kc5 Bb3 58. Bg4 Ba2 59. e6 Bb3 60. e7 Bf7 61. Be6 Be8 62. Kd5 Bc6+ 63. Ke5 Be8 64. Bf5 Kc6 65. Kf6 Kd6 66. Be6 Kc6 67. Kg7 Kd6 68. Kf8 Bb5 69. Bf7 Kc5 70. Be8 1-0

[Event "O2C Doeberl Cup 2019"]
[Site "Canberra"]
[Date "2019.04.21"]
[Round "8.6"]
[White "Johansen, Darryl K"]
[Black "Solomon, Stephen J"]
[Result "1-0"]
[ECO "E04"]
[WhiteElo "2364"]
[BlackElo "2338"]
[Annotator "NA"]
[PlyCount "105"]
[EventDate "2019.04.17"]
[EventType "swiss"]
[EventCountry "AUS"]
[SourceTitle "playchess.com"]
[Source "ChessBase"]
[SourceQuality "1"]
[TimeControl "5400+30"]

1. c4 e6 2. Nf3 d5 3. d4 Nf6 4. g3 dxc4 5. Qa4+ Nc6 6. Bg2 Bb4+ 7. Bd2 Nd5 8. Bxb4 Ndxb4 9. a3 $11 b5 10. Qd1 Nd5 11. e4 Nf6 12. Nc3 O-O 13. O-O Rb8 14. e5 Nd5 15. Ne4 f6 16. exf6 gxf6 17. Re1 e5 18. dxe5 fxe5 19. Neg5 Bg4 20. h3 Bxf3 21. Nxf3 Nf6 22. Nxe5 Nxe5 23. Rxe5 Qxd1+ 24. Rxd1 Rfe8 25. Rf5 Re6 26. g4 h6 27. Rc5 Re7 28. Bf3 Kg7 29. a4 bxa4 30. Rxc4 Rxb2 31. Rxa4 c5 32. Rda1 Kf7 33. Kg2 Nd7 34. Rxa7 Nb6 35. Rxe7+ Kxe7 36. Ra7+ Kd6 37. Rh7 c4 38. Rxh6+ Kc5 39. Rc6+ Kd4 40. g5 c3 41. g6 Nc4 42. g7 Rb8 43. Bd1 Kd3 44. Bb3 Na5 45. Rd6+ Ke2 46. Bc2 Rg8 47. Rd7 Nc6 48. Bh7 Rc8 49. Rc7 Rxc7 50. g8=Q Ne5 51. Qa2+ c2 52. Bxc2 Rg7+ 53. Bg6+ 1-0

[Event "O2C Doeberl Cup 2019"]
[Site "Canberra"]
[Date "2019.04.21"]
[Round "8.7"]
[White "Pirotais, Jerome"]
[Black "McClymont, Brodie"]
[Result "1/2-1/2"]
[ECO "B94"]
[WhiteElo "2075"]
[BlackElo "2360"]
[Annotator "NA"]
[PlyCount "51"]
[EventDate "2019.04.17"]
[EventType "swiss"]
[EventCountry "AUS"]
[SourceTitle "playchess.com"]
[Source "ChessBase"]
[SourceQuality "1"]
[TimeControl "5400+30"]

1. e4 c5 2. Nf3 d6 3. d4 cxd4 4. Nxd4 Nf6 5. Nc3 a6 6. Bg5 Nbd7 7. Qe2 h6 8. Bh4 g6 9. f4 e5 10. fxe5 dxe5 11. O-O-O Qc7 12. Nb3 b5 13. g4 Bb7 14. Bg2 Be7 15. Rhf1 Rc8 16. Kb1 b4 17. Bxf6 $1 Nxf6 $16 18. Nd5 Nxd5 19. exd5 Bd6 20. Be4 O-O 21. Qe3 Kg7 22. g5 hxg5 23. Qxg5 Qd8 24. Rxf7+ Rxf7 25. Qxg6+ Kf8 26. Qh6+ 1/2-1/2

[Event "O2C Doeberl Cup 2019"]
[Site "Canberra"]
[Date "2019.04.21"]
[Round "8.8"]
[White "Renjith, Sravan"]
[Black "Puccini, Jack"]
[Result "0-1"]
[ECO "A26"]
[WhiteElo "1938"]
[BlackElo "2261"]
[Annotator "NA"]
[PlyCount "80"]
[EventDate "2019.04.17"]
[EventType "swiss"]
[EventCountry "AUS"]
[SourceTitle "playchess.com"]
[Source "ChessBase"]
[SourceQuality "1"]
[TimeControl "5400+30"]

1. Nf3 Nf6 2. g3 g6 3. Bg2 Bg7 4. O-O O-O 5. c4 d6 6. Nc3 Nc6 7. d3 e5 8. Rb1 a5 9. a3 Re8 10. e4 Bg4 11. h3 Bxf3 12. Bxf3 Nd4 13. Bg2 c6 14. Ne2 Ne6 15. f4 exf4 16. gxf4 Nh5 17. Qe1 ({Better is} 17. Be3 $11) 17... Nc5 18. Qd1 Qh4 $15 19. b4 axb4 20. axb4 Ne6 21. Be3 Ra2 22. Bf2 Qe7 23. Be3 f5 24. Nc1 Rxg2+ 25. Kxg2 Nexf4+ 26. Bxf4 Nxf4+ 27. Rxf4 Qg5+ 28. Rg4 fxg4 29. Qxg4 Qd2+ 30. Qe2 Qc3 31. Na2 Qd4 32. Rf1 Re5 33. Qf3 h6 34. h4 Rh5 35. Qg4 Qxd3 36. Qxg6 Re5 37. Qf7+ Kh8 38. Rg1 Rxe4 39. Kh2 Be5+ 40. Kg2 Qg3+ 0-1

[Event "O2C Doeberl Cup 2019"]
[Site "Canberra"]
[Date "2019.04.22"]
[Round "9.5"]
[White "Lam, Ross"]
[Black "Tao, Trevor"]
[Result "0-1"]
[ECO "E16"]
[WhiteElo "2000"]
[BlackElo "2364"]
[Annotator "RC"]
[PlyCount "146"]
[EventDate "2019.04.17"]
[EventType "swiss"]
[EventCountry "AUS"]
[SourceTitle "playchess.com"]
[Source "ChessBase"]
[SourceQuality "1"]
[TimeControl "5400+30"]

1. d4 e6 2. c4 Nf6 3. Nf3 b6 4. g3 Bb7 5. Bg2 Bb4+ 6. Bd2 Bxd2+ 7. Qxd2 d6 8. Nc3 O-O 9. O-O Ne4 10. Nxe4 Bxe4 11. Nh4 Bxg2 12. Nxg2 Nd7 13. e4 Nf6 14. f3 Qe7 15. b4 Rfd8 16. d5 a5 17. b5 Nd7 18. Nf4 Qf6 19. Rac1 Nc5 20. Qc3 Qg5 21. Kg2 Re8 22. Rfe1 e5 23. Nd3 Nd7 24. Nf2 Qg6 25. Re3 Rf8 26. Rce1 f5 27. exf5 Rxf5 28. Ne4 h6 29. R1e2 Raf8 30. Rf2 Kh8 31. Qd3 Qf7 32. a4 Qg8 33. Kf1 Qh7 34. Ke2 R5f7 35. h4 Qf5 36. Kd2 Qh3 37. Qf1 Qf5 38. Qd3 Nf6 39. Nxf6 Qxf6 40. Qe4 Qd8 41. Qg4 Rf5 42. Ke2 Qc8 43. Qe4 R5f6 44. Rh2 Kg8 45. Kf2 Qd7 46. Kg2 Kf7 47. Rh1 Ke8 48. Rf1 Kd8 49. Ree1 Kc8 50. Re3 Kb7 51. Ree1 Qf7 52. Qg4 Rf5 53. Re3 h5 54. Qe4 g5 55. hxg5 Rxg5 56. Rh1 Qf4 57. Qxf4 exf4 58. Re7 Rxg3+ 59. Kf2 Rfg8 60. Rxh5 Rg2+ 61. Kf1 Rc2 62. Rh6 Rg3 63. Rxd6 Rxf3+ 64. Kg1 Ra3 65. Rde6 Ra1+ 66. Re1 Rxe1+ 67. Rxe1 Rxc4 68. Re7 Rd4 69. Rf7 Kc8 70. Kf2 Rxa4 71. Kf3 Rd4 72. Rxf4 Rxf4+ 73. Kxf4 a4 0-1

[Event "O2C Doeberl Cup 2019"]
[Site "Canberra"]
[Date "2019.04.22"]
[Round "9.6"]
[White "Puccini, Jack"]
[Black "Pirotais, Jerome"]
[Result "1/2-1/2"]
[ECO "C12"]
[WhiteElo "2261"]
[BlackElo "2075"]
[Annotator "RC"]
[PlyCount "68"]
[EventDate "2019.04.17"]
[EventType "swiss"]
[EventCountry "AUS"]
[SourceTitle "playchess.com"]
[Source "ChessBase"]
[SourceQuality "1"]
[TimeControl "5400+30"]

1. e4 e6 2. d4 d5 3. Nc3 Nf6 4. Bg5 Bb4 5. e5 h6 6. Be3 Ne4 7. Qg4 g6 8. a3 Bxc3+ 9. bxc3 c5 10. Bd3 h5 11. Qh3 Nxc3 12. dxc5 d4 13. Bd2 Nd7 14. Nf3 Nxc5 15. O-O Nxd3 16. cxd3 b6 17. Bg5 Qd5 18. Bf6 O-O 19. Rfe1 Ba6 20. Ng5 Qb5 21. g4 Qxd3 22. f3 Nd5 23. Ne4 Nf4 24. Qg3 Qf1+ 25. Rxf1 Ne2+ 26. Kg2 Nxg3 27. hxg3 Bxf1+ 28. Rxf1 Rfc8 29. gxh5 Rc2+ 30. Nf2 Rac8 31. Rh1 Rxf2+ 32. Kxf2 Rc2+ 33. Kg1 d3 34. Bg5 d2 1/2-1/2

[Event "O2C Doeberl Cup 2019"]
[Site "Canberra"]
[Date "2019.04.22"]
[Round "9.7"]
[White "Clarke, Matthew"]
[Black "Hu, Jason"]
[Result "1-0"]
[ECO "D46"]
[WhiteElo "2113"]
[BlackElo "2132"]
[Annotator "ChessBase"]
[PlyCount "97"]
[EventDate "2019.04.17"]
[EventType "swiss"]
[EventCountry "AUS"]
[SourceTitle "playchess.com"]
[Source "ChessBase"]
[SourceQuality "1"]
[TimeControl "5400+30"]

1. d4 d5 2. c4 e6 3. Nc3 c6 4. Nf3 Nf6 5. e3 Nbd7 6. Bd3 Bd6 7. O-O O-O 8. b3 Qe7 9. Bb2 dxc4 10. Bxc4 e5 11. dxe5 Nxe5 12. Be2 Bg4 13. Nxe5 Qxe5 14. g3 Bh3 15. Re1 Rad8 16. Qc2 Bf5 17. e4 Bg6 18. Bd3 Qh5 19. Kg2 Bc5 20. f3 Qg5 21. f4 Qh6 22. h3 Bb6 23. f5 Bh5 24. Bc1 Bf3+ 25. Kxf3 Qxh3 26. Bf4 Qg4+ 27. Kg2 Nh5 28. Rf1 Be3 29. Bc7 Rd7 30. Qe2 Qg5 31. Be5 f6 32. Rf3 Bd2 33. Rd1 Bc1 34. Bc4+ Kh8 35. Rxd7 fxe5 36. Kf2 Nf6 37. Rdd3 Qh6 38. Ke1 b5 39. Be6 Ng4 40. Kd1 Ba3 41. Rd2 Qh1+ 42. Rf1 Ne3+ 43. Qxe3 Qxf1+ 44. Qe1 Qf3+ 45. Kc2 g6 46. Qf2 Qg4 47. Qxa7 Bb4 48. Rh2 h5 49. f6 1-0

[Event "O2C Doeberl Cup 2019"]
[Site "Canberra"]
[Date "2019.04.22"]
[Round "9.8"]
[White "Padmini, Rout"]
[Black "Solomon, Stephen J"]
[Result "1-0"]
[ECO "B33"]
[WhiteElo "2364"]
[BlackElo "2338"]
[Annotator "RC"]
[PlyCount "99"]
[EventDate "2019.04.17"]
[EventType "swiss"]
[EventCountry "AUS"]
[SourceTitle "playchess.com"]
[Source "ChessBase"]
[SourceQuality "1"]
[TimeControl "5400+30"]

1. e4 c5 2. Nf3 Nc6 3. d4 cxd4 4. Nxd4 Nf6 5. Nc3 e5 6. Ndb5 d6 7. Bg5 a6 8. Na3 b5 9. Nd5 Be7 10. Bxf6 Bxf6 11. c4 b4 12. Nc2 Rb8 13. b3 O-O 14. g3 g6 15. h4 Be6 16. Nxf6+ Qxf6 17. Bg2 Qe7 18. h5 a5 19. Qd2 a4 20. hxg6 fxg6 21. O-O h5 22. f4 Rbc8 23. f5 Bd7 24. Rad1 Rf6 25. Ne3 Nd4 26. Nd5 Qg7 27. Nxf6+ Qxf6 28. Qh6 Qg7 29. Qxg6 Qxg6 30. fxg6 Bg4 31. Rd2 Ra8 32. bxa4 Rxa4 33. Rf6 Ra3 34. Kf2 Ne6 35. Rxd6 Rxa2+ 36. Kg1 b3 37. Rb6 Nd4 38. Rf7 Ra8 39. Re7 Be2 40. Bf1 Nf3+ 41. Kf2 Bxf1 42. Kxf1 Nd2+ 43. Ke2 Nxc4 44. Rxb3 Rd8 45. Rd3 Ra8 46. Rdd7 Rb8 47. Rg7+ Kh8 48. Rh7+ Kg8 49. Rdg7+ Kf8 50. Rc7 1-0